 Dungeon Sprint DCSS version 0.31-a0-590-g8a5a4361df (webtiles) character file.

Game seed: 3247044297895862146

1557 zazu2006 the Carver (level 8, -11/100 HPs)
             Began as a Gnoll Wanderer on Aug 19, 2023.
             Was the Champion of Vehumet.
             Mangled by a cyan ugly thing (13 damage)
             ... in the Dungeon (Sprint V: "Ziggurat Sprint").
             The game lasted 00:05:56 (421 turns).

zazu2006 the Carver (Gnoll Wanderer)                 Turns: 421, Time: 00:05:58

Health: -11/100    AC:  2    Str: 13    XL:     8   Next: 88%
Magic:  18/18      EV: 17    Int: 17    God:    Vehumet [******]
Gold:   0          SH: 11    Dex: 25    Spells: 21/21 levels left

rFire   . . .        G - +11 Screaming Sword {sonic wave}
rCold   . . .        b - +3 buckler
rNeg    . . .        S - +3 leather armour {rPois}
rPois   +            (no helmet)
rElec   .            (no cloak)
rCorr   .            M - +2 pair of gloves {Dex+3}
SInv    .            (no boots)
Will    .....        N - amulet of Vitality {RegenMP++ Regen++} Stlth
                     R - ring "Soraob" {Int+6 Dex+3 Stlth+}
HPRegen 1.96/turn    y - +6 ring of dexterity
MPRegen 0.96/turn

%: no teleportation
@: berserking (expiring), corroded, very quick
A: fangs 1, strong nose, distributed training
a: Renounce Religion


You were in the Dungeon.
You worshipped Vehumet.
Vehumet was exalted by your worship.
You visited 1 branch

Inventory:

Hand Weapons
 a - a +5 demon trident
 k - a +5 demon blade
 l - a +5 double sword
 G - the +11 Screaming Sword (weapon) {sonic wave}
   (You found it in the Dungeon)
 H - the +8 lance "Wyrmbane" {slay drac, rPois rF+ rC+ AC+3}
   (You found it in the Dungeon)

   AC+3:      It affects your AC (+3).
   rF+:       It protects you from fire.
   rC+:       It protects you from cold.
   rPois:     It protects you from poison
 I - the +6 shillelagh "Devastator" {shatter}
   (You found it in the Dungeon)
 J - the +2 spear of Tartarus {spect, rF+ rN+ Will+ Dex+2}
   (You found it in the Dungeon)

   Dex+2:     It affects your dexterity (+2).
   rF+:       It protects you from fire.
   rN+:       It protects you from negative energy.
   Will+:     It increases your willpower.
Armour
 b - a +3 buckler (worn)
 c - +5 gold dragon scales
 m - a +3 tower shield
 n - +5 shadow dragon scales
 K - +1 pearl dragon scales
 M - a +2 pair of gloves of dexterity (worn)
 S - a +3 leather armour of poison resistance (worn)
Jewellery
 x - a ring of flight
 y - a +6 ring of dexterity (right hand)
 z - a +6 ring of dexterity
 A - a +6 ring of intelligence
 B - a +6 ring of intelligence
 C - a +6 ring of strength
 D - a +6 ring of strength
 N - the amulet of Vitality (around neck) {RegenMP++ Regen++}
   (You found it in the Dungeon)

   [amulet of magic regeneration]

   RegenMP:   It increases your rate of magic regeneration.
   Regen++:   It increases your rate of health regeneration.
 O - a +4 ring of protection
 R - the ring "Soraob" (left hand) {Int+6 Dex+3 Stlth+}
   (You found it in the Dungeon)

   [ring of intelligence]

   Int+6:     It affects your intelligence (+6).
   Dex+3:     It affects your dexterity (+3).
   Stlth+:    It makes you more stealthy.
Wands
 e - a wand of digging (5)
 E - a wand of mindburst (10)
 F - a wand of quicksilver (7)
 P - a wand of roots (2)
 Q - a wand of charming (7)
Scrolls
 d - 5 scrolls of blinking
 t - 4 scrolls of amnesia
 u - 7 scrolls of fog
 v - 5 scrolls of identify
 w - 2 scrolls of fear
Potions
 f - 10 potions of curing
 g - 10 potions of heal wounds
 h - 6 potions of haste
 i - 7 potions of magic
 o - 2 potions of brilliance
 p - 2 potions of invisibility
 q - 4 potions of resistance
 r - a potion of experience
 s - 5 potions of might
Miscellaneous
 L - a phial of floods


   Skills:
 + Level 7.6 Fighting
 + Level 7.1 Short Blades
 + Level 11.1 Long Blades
 + Level 7.1 Axes
 + Level 7.1 Maces & Flails
 + Level 7.6 Polearms
 + Level 7.1 Staves
 + Level 7.1 Ranged Weapons
 + Level 7.1 Throwing
 + Level 7.1 Armour
 + Level 7.1 Dodging
 + Level 7.1 Stealth
 + Level 9.7 Shields
 + Level 7.1 Unarmed Combat
 + Level 7.1 Spellcasting
 + Level 5.9 Conjurations
 + Level 5.9 Hexes
 + Level 5.9 Summonings
 + Level 5.9 Necromancy
 + Level 5.9 Translocations
 + Level 5.9 Transmutations
 + Level 5.9 Fire Magic
 + Level 5.9 Ice Magic
 + Level 5.9 Air Magic
 + Level 5.9 Earth Magic
 + Level 5.9 Poison Magic
 + Level 7.8 Invocations
 + Level 7.6 Evocations
 + Level 5.9 Shapeshifting


You had 21 spell levels left.
You didn't know any spells.
Your spell library contained the following spells:

 Spells                   Type           Power      Damage    Failure   Level
 Sandblast                Erth           52%        2d12      1%          1
 Freeze                   Ice            100%       1d10      1%          1
 Sting                    Tmut/Pois      100%       1d8       1%          1
 Scorch                   Fire           52%        2d7       1%          2
 Hailstorm                Conj/Ice       26%        3d7       1%          3
 Wereblood                Tmut           26%        N/A       2%          2
 Flame Wave               Conj/Fire      26%        2d8       4%          4
 Summon Ice Beast         Ice/Summ       26%        N/A       16%         4
 Metabolic Englaciation   Hex/Ice        13%        N/A       38%         5
 Eringya's Noxious Bog    Tmut/Pois      13%        4d6       50%         6
 Summon Cactus Giant      Summ           13%        N/A       93%         6
 Disjunction              Tloc           13%        N/A       100%        8


Dungeon Overview and Level Annotations

Branches:
Dungeon (1/1)

Altars:
Ashenzari
Cheibriados
Dithmenos
Elyvilon
Fedhas
Gozag
Hepliaklqana
Kikubaaqudgha
Makhleb
Nemelex Xobeh
Okawaru
Qazlal
Ru
Sif Muna
Trog
Uskayaw
Vehumet
Wu Jian
Xom
Yredelemnul
Zin
The Shining One
Jiyva
Lugonu

Annotations:
D 1 transporter


Innate Abilities, Weirdness & Mutations

You have very sharp teeth.
Your uncanny sense of smell can sniff out nearby items.
Your experience applies equally to all skills.


Message History

Unknown command.
You slash the neqoxec!
You kill the neqoxec!
Vehumet accepts your kill. The purple ugly thing kicks you!
* * * LOW HITPOINT WARNING * * *
The troll misses you. The troll closely misses you. The troll claws you!
* * * LOW HITPOINT WARNING * * *
Unknown command.
Unknown command.
You slice the brown ugly thing!!
The Screaming Sword bellows, "I AM THE RUNES AND THE LIGHT!"
You send a blast of sound all around you.
The troll is heavily wounded.
The cyan ugly thing is heavily wounded.
You kill the brown ugly thing!
Vehumet accepts your kill.
The purple ugly thing is heavily wounded.
Your Short Blades skill increases to level 7!
Your Long Blades skill increases to level 11!
Your Axes skill increases to level 7!
Your Maces & Flails skill increases to level 7!
Your Staves skill increases to level 7!
Your Ranged Weapons skill increases to level 7!
Your Throwing skill increases to level 7!
Your Armour skill increases to level 7!
Your Dodging skill increases to level 7!
Your Stealth skill increases to level 7!
Your Unarmed Combat skill increases to level 7!
Your Spellcasting skill increases to level 7!
Unknown command.
Unknown command.
Unknown command.
You barely miss the purple ugly thing.
The purple ugly thing is heavily wounded.
The troll changes into a polar bear!
The purple ugly thing closely misses you.
The cyan ugly thing engulfs you!
* * * LOW HITPOINT WARNING * * *
The cyan ugly thing shocks you!
You die...

▓.▓...▓.▓
▓...©...▓
▓▓▓▓▓▓▓▓▓
▓..8©8..▓
∆
▓..%[/..▓
▓..)//..▓
▓.......▓
▓....†uh▓
▓....u@.▓
▓.......▓
▓.......▓
▓...©...▓
▓▓▓▓▓▓▓▓▓
∆∆∆∆∆
∆∆∆∆


You could see 2 ugly things and a polar bear shaped shifter.

Vanquished Creatures
  An ugly thing (D)
  A hog (shapeshifter) (D)
  A neqoxec (D)
  2 nagas (D)
  A water moccasin (shapeshifter) (D)
  A hell hound (D)
  A necrophage (D)
  4 scorpions (D)
  2 wights (D)
  A howler monkey (shapeshifter) (D)
  2 adders (D)
  A white imp (D)
  3 adder zombies (D)
  An adder skeleton (D)
  A ball python (D)
  2 bat skeletons (D)
  A jackal skeleton (D)
  A jackal zombie (D)
27 creatures vanquished.

Notes
Turn   | Place    | Note
-------+----------+-------------------------------------------
     0 | D        | zazu2006 the Gnoll Wanderer began the quest for the Orb.
     0 | D        | zazu2006 set off with the following items: a +2 falchion, a
                  | +0 spear, a +0 buckler, 2 scrolls of blinking, a +0 leather
                  | armour, a potion of curing, a potion of heal wounds, a
                  | potion of haste, 2 potions of magic, a potion of berserk
                  | rage.
     0 | D        | Reached XP level 1. HP: 17/17 MP: 1/1
     0 | D        | Found a blossoming altar of Fedhas.
     0 | D        | Found the +6 Majin-Bo {spellvamp, MP+6 Int+6}
     0 | D        | Found the +27 heavy crossbow "Sniper" {heavy, Acc+∞ SInv}
     0 | D        | Found the +10 dark maul {heavy}
     0 | D        | Found the +15 Maxwell's patent armour {-Cast -Tele rElec
                  | Will+ rCorr}
     0 | D        | Found the +18 shield of the Gong {Loud rN+ Will+ rCorr
                  | EV-5}
     0 | D        | Found the +16 obsidian axe {drain, demonic, Mesm Drain Fly
                  | SInv}
     0 | D        | Found the +7 great mace "Firestarter" {flame, immolate,
                  | rFlCloud rF++}
     0 | D        | Found the +6 shillelagh "Devastator" {shatter}
     0 | D        | Found the +11 plutonium sword {Contam Stlth-}
     0 | D        | Found the +8 lance "Wyrmbane" {slay drac, rPois rF+ rC+
                  | AC+3}
     0 | D        | Found the +9 sword of Zonguldrok {reap}
     0 | D        | Found the +13 scythe of Curses {drain, curses, Drain}
     0 | D        | Found the +9 sword of Power {lifebolt}
     0 | D        | Found the +7 mace of Variability {chaos, chaos arc}
     0 | D        | Found the +11 Singing Sword {sonic wave}
     0 | D        | Found the +8 storm bow {elec, penet}
     1 | D        | Found a viscous altar of Jiyva.
     1 | D        | Found a hazy altar of Hepliaklqana.
     1 | D        | Found a transporter.
     1 | D        | Found an opulent altar of Gozag.
     1 | D        | Found an ancient bone altar of Kikubaaqudgha.
     1 | D        | Found a corrupted altar of Lugonu.
    39 | D        | Found a shimmering blue altar of Sif Muna.
    39 | D        | Found a sacrificial altar of Ru.
    39 | D        | Found a bloodstained altar of Trog.
    39 | D        | Found a stormy altar of Qazlal.
    39 | D        | Found an iron altar of Okawaru.
    39 | D        | Found a sparkling altar of Nemelex Xobeh.
    41 | D        | Found a burning altar of Makhleb.
    72 | D        | Became a worshipper of Vehumet
    85 | D        | Entered arena 2.
    85 | D        | Noticed a water moccasin
    85 | D        | Noticed a swamp drake
    85 | D        | Found a transporter.
    87 | D        | a swamp drake changed into a worm
    88 | D        | Killed a water moccasin
    89 | D        | Reached skill level 9 in Long Blades
    89 | D        | Reached XP level 2. HP: 25/25 MP: 1/6
    89 | D        | Reached XP level 3. HP: 30/30 MP: 1/7
    89 | D        | Reached XP level 4. HP: 37/37 MP: 1/8
    92 | D        | Reached XP level 5. HP: 42/42 MP: 1/10
    95 | D        | Got the Meditations on the Chill
   152 | D        | Entered arena 3.
   152 | D        | Noticed a hell hound
   152 | D        | Found a transporter.
   154 | D        | Reached * piety under Vehumet
   154 | D        | Offered knowledge of Shock by Vehumet.
   155 | D        | Killed a hell hound
   156 | D        | Reached skill level 5 in Fighting
   156 | D        | Reached skill level 5 in Polearms
   156 | D        | Reached skill level 5 in Evocations
   156 | D        | Reached XP level 6. HP: 21/51 MP: 10/12
   160 | D        | Got the +2 spear of Tartarus {spect, rF+ rN+ Will+ Dex+2}
   264 | D        | Entered arena 4.
   264 | D        | Found the amulet of Vitality {RegenMP++ Regen++}
   264 | D        | Found a transporter.
   267 | D        | Reached ** piety under Vehumet
   269 | D        | Reached skill level 5 in Invocations
   294 | D        | Entered arena 5.
   294 | D        | Found a transporter.
   298 | D        | Reached *** piety under Vehumet
   299 | D        | Reached skill level 5 in Short Blades
   299 | D        | Reached skill level 10 in Long Blades
   299 | D        | Reached skill level 5 in Axes
   299 | D        | Reached skill level 5 in Maces & Flails
   299 | D        | Reached skill level 5 in Staves
   299 | D        | Reached skill level 5 in Ranged Weapons
   299 | D        | Reached skill level 5 in Throwing
   299 | D        | Reached skill level 5 in Armour
   299 | D        | Reached skill level 5 in Dodging
   299 | D        | Reached skill level 5 in Stealth
   299 | D        | Reached skill level 5 in Unarmed Combat
   299 | D        | Reached skill level 5 in Spellcasting
   300 | D        | Reached XP level 7. HP: 57/57 MP: 14/14
   308 | D        | Got the Directory of the Vulture
   310 | D        | Entered arena 6.
   310 | D        | Noticed a naga
   310 | D        | Noticed a naga
   310 | D        | Found a transporter.
   315 | D        | Reached **** piety under Vehumet
   316 | D        | Killed a naga
   321 | D        | Killed a naga
   321 | D        | Reached ***** piety under Vehumet
   322 | D        | Reached skill level 5 in Conjurations
   322 | D        | Reached skill level 5 in Hexes
   322 | D        | Reached skill level 5 in Summonings
   322 | D        | Reached skill level 5 in Necromancy
   322 | D        | Reached skill level 5 in Translocations
   322 | D        | Reached skill level 5 in Transmutations
   322 | D        | Reached skill level 5 in Fire Magic
   322 | D        | Reached skill level 5 in Ice Magic
   322 | D        | Reached skill level 5 in Air Magic
   322 | D        | Reached skill level 5 in Earth Magic
   322 | D        | Reached skill level 5 in Poison Magic
   322 | D        | Reached skill level 5 in Shapeshifting
   333 | D        | Got the ring "Soraob" {Int+6 Dex+3 Stlth+}
   371 | D        | Entered arena 7.
   372 | D        | Found a transporter.
   375 | D        | Offered knowledge of Sandblast by Vehumet.
   376 | D        | Reached XP level 8. HP: 65/65 MP: 17/17
   409 | D        | Entered arena 8.
   409 | D        | Noticed a polar bear
   409 | D        | Noticed a brown ugly thing
   409 | D        | Noticed a brown ugly thing
   409 | D        | Noticed a brown ugly thing
   410 | D        | Found a transporter.
   417 | D        | a polar bear changed into a troll
   417 | D        | Noticed a troll (shapeshifter)
   420 | D        | Killed a brown ugly thing
   420 | D        | Reached ****** piety under Vehumet
   421 | D        | Reached skill level 11 in Long Blades
   421 | D        | a troll changed into a polar bear
   421 | D        | Noticed a polar bear (shapeshifter)
   421 | D        | HP: 2/100 [cyan ugly thing (12)]
   421 | D        | Mangled by a cyan ugly thing

Illustrated notes

Levels and vault maps discovered:
D:        sprint_v [room_start, room_1, room_2, room_3, room_4, room_5, room_6,
          room_7, room_8, room_9, room_10, room_11, room_12, room_13, room_14,
          room_15, room_16, room_17, room_18, room_19, room_20, room_21,
          room_22, room_23, room_24, room_25, room_26, room_27]

Skill      XL: |  1  2  3  4  5  6  7  8 |
---------------+-------------------------+-----
Fighting       | 4 5 6 7 |  7.6
Short Blades   | 3 4 5 6 7 |  7.1
Long Blades    | 9 10 11 | 11.1
Axes           | 3 4 5 6 7 |  7.1
Maces & Flails | 3 4 5 6 7 |  7.1
Polearms       | 4 5 6 7 |  7.6
Staves         | 3 4 5 6 7 |  7.1
Ranged Weapons | 3 4 5 6 7 |  7.1
Throwing       | 3 4 5 6 7 |  7.1
Armour         | 3 4 5 6 7 |  7.1
Dodging        | 3 4 5 6 7 |  7.1
Stealth        | 3 4 5 6 7 |  7.1
Shields        | 7 8 9 |  9.7
Unarmed Combat | 3 4 5 6 7 |  7.1
Spellcasting   | 3 4 5 6 7 |  7.1
Conjurations   | 2 3 4 5 |  5.9
Hexes          | 2 3 4 5 |  5.9
Summonings     | 2 3 4 5 |  5.9
Necromancy     | 2 3 4 5 |  5.9
Translocations | 2 3 4 5 |  5.9
Transmutations | 2 3 4 5 |  5.9
Fire Magic     | 2 3 4 5 |  5.9
Ice Magic      | 2 3 4 5 |  5.9
Air Magic      | 2 3 4 5 |  5.9
Earth Magic    | 2 3 4 5 |  5.9
Poison Magic   | 2 3 4 5 |  5.9
Invocations    | 3 4 5 6 7 |  7.8
Evocations     | 4 5 6 7 |  7.6
Shapeshifting  | 2 3 4 5 |  5.9

Action                     |  1- 3 |  4- 6 |  7- 9 || total
---------------------------+-------+-------+-------++-------
  Melee: Double sword      |     2 |    11 |    27 ||    40
         Bite              |       |       |     4 ||     4
    Use: Potion            |     1 |       |     2 ||     3
   Stab: Sleeping          |       |     1 |       ||     1
 Armour: Leather armour    |       |       |     3 ||     3
  Dodge: Dodged            |     1 |     2 |    12 ||    15
  Block: Buckler           |       |     2 |    17 ||    19

Table legend: (Time is in decaauts)
 A = Elapsed time spent in this place.
 B = Non-inter-level travel time spent in this place.
 C = Inter-level travel time spent in this place.
 D = Time resting spent in this place.
 E = Time spent auto-exploring this place.
 F = Levels seen in this place.
 G = Mean time per level.
                   A        B        C        D        E       F      G
               +--------+--------+--------+--------+--------+-----+--------+
         Total |    438 |    438 |      0 |    205 |      0 |   1 |  438.0 |
       Dungeon |    438 |    438 |      0 |    205 |      0 |   1 |  438.0 |
               +--------+--------+--------+--------+--------+-----+--------+

Top non-repeatable levels by time:
       D: 438 daAuts
